 Dungeon Crawl Stone Soup version 0.19-a0-231-gae044c8 (webtiles) character file.

37 oplop the Sneak (level 3, 0/16 HPs)
             Began as a Vine Stalker Enchanter on May 25, 2016.
             Slain by a hobgoblin
             ... wielding a +0 club
             ... led by Robin
              (7 damage)
             ... on level 2 of the Dungeon.
             The game lasted 00:00:59 (920 turns).

oplop the Sneak (Vine Stalker Enchanter)             Turns: 920, Time: 00:01:00

Health: 0/16       AC:  3    Str: 10    XL:     3   Next: 41%
Magic:  0/8        EV: 12    Int: 15    God:
Gold:   69         SH:  0    Dex: 15    Spells: 1 memorised, 6 levels left

rFire  . . .     SeeInvis +     a - +1 dagger
rCold  . . .     Gourm    .     b - +1 robe
rNeg   . . .     Faith    .     (no shield)
rPois  .         Spirit   +     (no helmet)
rElec  .         Dismiss  .     (no cloak)
rCorr  .         Reflect  .     (no gloves)
SustAt .         Harm     .     (no boots)
MR     .....                    (no amulet)
Stlth  +++.......               (no ring)
                                k - ring of see invisible

@: not resistant to hostile enchantments, fairly stealthy
A: fangs 2, regeneration 1, magic shield, antimagic bite, no device heal 3, rot
immunity
a: no special abilities


You were on level 2 of the Dungeon.
You were not hungry.

You visited 1 branch of the dungeon, and saw 2 of its levels.

You collected 69 gold pieces.

Inventory:

Hand Weapons
 a - a +1 dagger (weapon)
Armour
 b - a +1 robe (worn)
Jewellery
 k - a ring of see invisible (left hand)
Scrolls
 e - a scroll of fear {unknown}
 f - 2 scrolls of amnesia {unknown}
 h - a scroll of magic mapping {unknown}
 l - a scroll of teleportation {unknown}
 m - a scroll of enchant armour {unknown}
 n - 3 scrolls of identify {unknown}
Potions
 g - a potion of flight {unknown}
 i - a potion of resistance {unknown}
 j - a potion of ambrosia {unknown}
 o - a potion of magic {unknown}
Books
 c - a book of Maledictions

   Spells                             Type                      Level
   a - Corona                         Hexes                        1
   b - Ensorcelled Hibernation        Hexes/Ice                    2
   c - Confuse                        Hexes                        3
   d - Tukima's Dance                 Hexes                        3
   e - Dazzling Spray                 Conjuration/Hexes            3
Comestibles
 d - a bread ration


   Skills:
 - Level 0.8 Short Blades
 - Level 1.6 Dodging
 + Level 4.2 Stealth
 + Level 2.7 Spellcasting
 + Level 3.6 Hexes


You had 6 spell levels left.
You knew the following spells:

 Your Spells              Type           Power        Failure   Level  Hunger
a - Corona                Hex            ##.....      6%          1    #......


Dungeon Overview and Level Annotations

Branches:
Dungeon (2/15)

Altars:

Annotations:
D:2 Robin


Innate Abilities, Weirdness & Mutations

You have extremely sharp teeth.
Your natural rate of healing is unusually fast.
When hurt, damage is shared between your health and your magic reserves.
Your bite disrupts and absorbs the magic of your enemies.
Potions and wands cannot restore your health.
You are immune to rotting.


Message History

The goblin hits you but does no damage. The goblin hits you.
The goblin misses you.
The goblin unwields an uncursed hunting sling.
The goblin wields an uncursed club.
The goblin hits you with an uncursed club.
The hobgoblin barely misses you.
You hit the hobgoblin.
You kill the hobgoblin!
The goblin hits you with a dagger. The goblin barely misses you.
The goblin closely misses you. x2
You hit the hobgoblin.
The hobgoblin is moderately wounded.
The goblin hits you but does no damage. The goblin barely misses you.
The goblin closely misses you. The hobgoblin closely misses you.
The goblin closely misses you.
You hit the hobgoblin.
The hobgoblin is heavily wounded.
The goblin hits you but does no damage. The goblin closely misses you. x2
The hobgoblin hits you with a club!
You die...

### #.# ...#..# #####
#.# #.#.#..# ....# #.#
#...#..##...# #.#
#.#.#..#...# #)#
#...#.#... #.#
#.#..'.# #####.#
#)gg'.# #...#.#
#@g'.######.#.#.##
#.gg#g##......<..#...
#.#g#..##.####..###..#
..#(.###.# #....#..#
#.#..# #.# #.#.##..#
..#..# #.# #.#.....#
#.#g.# #.# #.#####.#
.#..# #.# #.. ..# #.#
### ###


You could see Robin, 2 hobgoblins and 4 goblins.

Vanquished Creatures
  An adder (D:2)
  2 dart slugs (D:1)
  A giant gecko (D:2)
  A bat (D:1)
  5 goblins
  3 hobgoblins
  A quokka (D:2)
  A ball python (D:2)
  2 giant newts
  3 kobolds
  3 rats (D:1)
23 creatures vanquished.

Notes
Turn   | Place    | Note
--------------------------------------------------------------
     0 | D:1      | oplop the Vine Stalker Enchanter began the quest for the Orb.
     0 | D:1      | Reached XP level 1. HP: 9/9 MP: 4/4
    88 | D:1      | Reached XP level 2. HP: 11/13 MP: 6/6
   101 | D:1      | Reached skill level 4 in Stealth
   733 | D:2      | Found a faded altar to an unknown god.
   740 | D:2      | Reached XP level 3. HP: 16/16 MP: 7/7
   904 | D:2      | Noticed Robin
   920 | D:2      | Slain by a hobgoblin

Vault maps used:
D:1:      dpeg_arrival_signposts
D:2:      ecumenical_altar_2, kennysheep_cluttered_room, uniq_robin

Skill      XL: |  1  2 |
---------------+-------+-----
Stealth        | 4 |  4.2
Short Blades   | |  0.8
Dodging        | |  1.6
Spellcasting   | |  2.7
Hexes          | |  3.6

Action                   || total
-------------------------++-------
Melee: Dagger            ||    57
       Bite              ||    12
 Stab: Sleeping          ||     9
Armor: Robe              ||    15
Dodge: Dodged            ||    39
